[Event "Titled Tuesday Blitz May 9 Late 2023"]
[White "koncheto"]
[Black "Szente Varga, Fruzsina"]
[BlackFideId "712264"]
[WhiteElo "2478"]
[BlackElo "1994"]
[Result "1-0"]
[Round "04"]
[TimeControl "180+2"]
[Date "2023.05.09"]
[WhiteClock "0:00:02"]
[BlackClock "0:00:00"]

1. e4 e5 2. Nf3 Nc6 3. d4 exd4 4. Bc4 Bc5 5. c3 dxc3 6. Bxf7+ Kxf7 7. Qd5+ Kf8 8. Qxc5+ d6 9. Qxc3 Nf6 10. Bg5 Kf7 11. O-O Bg4 12. Nbd2 Re8 13. h3 Bh5 14. Qb3+ Kf8 15. Qxb7 Ne5 16. Nxe5 Rxe5 17. f4 Rc5 18. e5 dxe5 19. Qb4 Qe7 20. fxe5 Rxe5 21. Qxe7+ Kxe7 22. Rae1 Rxe1 23. Rxe1+ Kf7 24. Nc4 Kg6 25. Bd2 Kf7 26. g4 Bg6 27. Ne5+ Kg8 28. Nxg6 hxg6 29. Re7 Rb8 30. b3 Rd8 31. Be1 Rd1 32. Kf1 Rc1 33. a4 Nd5 34. Rd7 Nf4 35. h4 Ne6 36. Ke2 Rb1 37. Re7 Nd4+ 38. Kd3 c5 39. b4 Nf3 40. Bc3 cxb4 41. Rxg7+ Kf8 42. Bf6 b3 43. Rxa7 Ne1+ 44. Kc3 Nf3 45. Rb7 Rc1+ 46. Kb2 Rc4 47. a5 Ra4 48. Bc3 1-0


[Site "https://www.chess.com"]

[Event "Titled Tuesday Blitz May 9 Late 2023"]
[White "Wizard_of_Odds"]
[Black "Martic, Ivan"]
[BlackFideId "929301"]
[WhiteElo "2329"]
[BlackElo "2360"]
[Result "1-0"]
[Round "04"]
[TimeControl "180+2"]
[Date "2023.05.09"]
[WhiteClock "0:00:02"]
[BlackClock "0:00:00"]

1. d4 d5 2. c4 Nc6 3. cxd5 Qxd5 4. e3 e5 5. Nc3 Bb4 6. Bd2 Bxc3 7. bxc3 Nf6 8. Ne2 O-O 9. Ng3 Bg4 10. f3 exd4 11. exd4 Rfe8+ 12. Be2 Bxf3 13. gxf3 Qxf3 14. Rf1 Qg2 15. Bf4 Ng4 16. Qd3 Nxh2 17. Rf2 Qg1+ 18. Nf1 Ng4 19. Rf3 Qg2 20. Rg3 Qf2+ 21. Kd1 Qxf4 22. Rxg4 Qf2 23. Qf3 Qxf3 24. Bxf3 Na5 25. Nd2 Re3 26. Kc2 Rae8 27. Rag1 g6 28. R4g3 c6 29. R1g2 Kf8 30. Rh2 h5 31. Rf2 Kg7 32. Rg1 Kh6 33. Bd1 f5 34. Rfg2 R8e6 35. Bxh5 gxh5 36. Rg8 Re7 37. Rh8+ Rh7 38. Rhg8 Re6 39. Rf8 Rg7 40. Rf1 Re2 41. R8xf5 Nc4 42. Rf6+ Rg6 43. Kd3 Rxd2+ 44. Kxc4 Rxa2 45. Rxg6+ Kxg6 46. Rf8 h4 47. Rg8+ Kh5 48. Rb8 h3 49. Rxb7 Kg6 50. Rb8 h2 51. Rh8 Kg5 52. Kc5 Kf4 53. Kxc6 Kg3 54. d5 Ra1 55. d6 h1=Q+ 56. Rxh1 Rxh1 57. d7 Rd1 58. c4 Kf4 59. c5 Ke5 60. Kc7 a5 61. c6 a4 62. Kb6 a3 63. c7 a2 64. c8=Q a1=Q 65. Qe8+ Kf4 66. Qf7+ Kg3 67. Qg6+ Kh2 68. Qh6+ Kg1 69. Qg5+ Kf1 70. d8=Q Qb2+ 71. Kc7 Qc2+ 72. Kb7 Rb1+ 73. Qb6 Qe4+ 74. Kc7 Rc1+ 75. Qgc5 1-0


[Site "https://www.chess.com"]

[Event "Titled Tuesday Blitz May 9 Late 2023"]
[White "Remolar Gallen, Jose"]
[Black "Celestino, Rafael Teixeira"]
[WhiteFideId "2215187"]
[BlackFideId "2108925"]
[WhiteElo "2223"]
[BlackElo "2327"]
[Result "1-0"]
[Round "04"]
[TimeControl "180+2"]
[Date "2023.05.09"]
[WhiteClock "0:00:06"]
[BlackClock "0:00:08"]

1. d4 Nf6 2. Nf3 e6 3. e3 d5 4. Bd3 Bd6 5. Nbd2 O-O 6. b3 Nbd7 7. Bb2 b6 8. O-O Bb7 9. Qe2 c5 10. Rad1 Rc8 11. Ne5 Re8 12. f4 Ne4 13. Rf3 f5 14. Rh3 Ndf6 15. Ndf3 Rc7 16. Bb5 Rf8 17. dxc5 Bxc5 18. Nd4 Qc8 19. c4 a6 20. Ba4 b5 21. cxb5 Bxd4 22. Bxd4 Rc2 23. Qf1 Ng4 24. Rf3 Nd2 25. Qe1 Nxf3+ 26. gxf3 Nf6 27. Nc6 Qe8 28. b4 Rxa2 29. Bb3 Qg6+ 30. Qg3 Qxg3+ 31. hxg3 Re2 32. Ne5 axb5 33. Bc5 Ra8 34. Rc1 d4 35. Bd1 Rb2 36. Bxd4 Rxb4 37. Be2 Nd5 38. Nd3 Rb3 39. Nc5 Rb2 40. Bxb2 Ba6 41. Nxa6 Rxa6 42. Bd4 Ra2 43. Bxb5 Nb4 44. Bc4 Ra3 45. Bxe6+ Kf8 46. Bc5+ Ke8 47. Bxb4 Ra4 48. Rc8# 1-0


[Site "https://www.chess.com"]

[Event "Titled Tuesday Blitz May 9 Late 2023"]
[White "Perez Rodriguez, Jennifer"]
[Black "Ng, Gary"]
[WhiteFideId "3507831"]
[BlackFideId "2604914"]
[WhiteElo "2116"]
[BlackElo "2320"]
[Result "0-1"]
[Round "04"]
[TimeControl "180+2"]
[Date "2023.05.09"]
[WhiteClock "0:00:11"]
[BlackClock "0:00:12"]

1. e4 c5 2. c3 d5 3. exd5 Qxd5 4. d4 g6 5. Nf3 Bg7 6. Be3 cxd4 7. cxd4 Nh6 8. Nc3 Qa5 9. Qb3 O-O 10. Bc4 Nf5 11. O-O Nd7 12. Rfe1 Nb6 13. Bd3 Be6 14. Qc2 Rac8 15. Rad1 Rfd8 16. Qb1 Nd5 17. Nxd5 Qxd5 18. Be4 Qxa2 19. Qxa2 Bxa2 20. Ra1 Bd5 21. Bxd5 Rxd5 22. Rxa7 Nxd4 23. Nxd4 Bxd4 24. Bxd4 Rxd4 25. Rxb7 e6 26. h3 Rc2 27. b4 Rb2 28. b5 Rdb4 29. Re5 Kg7 30. Rc5 h5 31. Rcc7 Rf4 32. f3 h4 33. b6 e5 34. Re7 Rfb4 35. Rxf7+ Kh6 36. Rh7+ Kg5 37. Rbe7 Rxb6 38. Rxe5+ Kf6 39. Re4 g5 40. Rh6+ Kf5 41. Rh8 Rc2 42. Rg8 Rbb2 43. Rg4 Rb1+ 44. Kh2 Rcc1 45. R8xg5+ Kf6 46. Rg6+ Kf5 47. R6g5+ Kf6 48. g3 Rc2# 0-1


[Site "https://www.chess.com"]

[Event "Titled Tuesday Blitz May 9 Late 2023"]
[White "Smiechu"]
[Black "Hirneise, Jens"]
[BlackFideId "24614734"]
[WhiteElo "2319"]
[BlackElo "2345"]
[Result "0-1"]
[Round "04"]
[TimeControl "180+2"]
[Date "2023.05.09"]
[WhiteClock "0:00:20"]
[BlackClock "0:00:07"]

1. e4 c6 2. d4 d5 3. f3 e6 4. Nc3 Nf6 5. Be3 Bb4 6. Bd3 Qa5 7. Ne2 O-O 8. O-O Be7 9. e5 Ne8 10. f4 f5 11. exf6 gxf6 12. Ng3 f5 13. Bd2 Qd8 14. Qe2 Bf6 15. Be3 Ng7 16. Rae1 Bd7 17. Kh1 Be8 18. Qf2 Nd7 19. Nce2 Kh8 20. Ng1 Rg8 21. Nf3 Nh5 22. Nxh5 Bxh5 23. Ne5 Nxe5 24. fxe5 Bh4 25. Qd2 Bxe1 26. Qxe1 Qe7 27. h4 Rg4 28. Bg5 Rxg5 29. hxg5 Qxg5 30. g3 Rg8 31. Kh2 Bg4 32. Rh1 Bf3 33. Rf1 Qh5+ 34. Kg1 Qh1+ 35. Kf2 Qg2+ 36. Ke3 Rxg3 37. Rf2 Bg4+ 38. Kd2 Qg1 39. Bf1 Bh3 40. Kc1 Bxf1 41. Rxf1 Qxd4 42. Kb1 Qe3 43. Qb4 Rg8 44. Qe7 Qh6 45. Qxb7 Qg7 46. Qxc6 Qxe5 47. a3 f4 48. Qd7 Qf6 49. Rh1 h6 50. Re1 e5 51. Qxd5 f3 52. Rf1 f2 53. Qd2 Rg1 54. Qe2 Rxf1+ 55. Qxf1 Qf3 56. Ka2 e4 57. b3 e3 58. Qa1+ Kh7 59. Qe5 f1=Q 60. Qe7+ Qf7 61. Qe4+ Q1f5 62. Qc6 e2 0-1


[Site "https://www.chess.com"]

[Event "Titled Tuesday Blitz May 9 Late 2023"]
[White "De Souza, Cristiano Gomes"]
[Black "Prydun, Andriy"]
[WhiteFideId "2151758"]
[BlackFideId "14145898"]
[WhiteElo "2068"]
[BlackElo "2164"]
[Result "1/2-1/2"]
[Round "04"]
[TimeControl "180+2"]
[Date "2023.05.09"]
[WhiteClock "0:00:36"]
[BlackClock "0:00:06"]

1. d4 c6 2. c4 d5 3. Nc3 Nf6 4. Nf3 e6 5. Bg5 dxc4 6. e4 b5 7. e5 h6 8. Bh4 g5 9. exf6 gxh4 10. Ne5 Qxf6 11. a4 Bb4 12. Be2 Bb7 13. Bf3 a6 14. O-O Bxc3 15. bxc3 Nd7 16. Nxc6 h3 17. g3 Rc8 18. d5 Bxc6 19. dxc6 Ne5 20. Be4 O-O 21. axb5 axb5 22. Ra6 Qg7 23. Qh5 f5 24. Bf3 Qg5 25. Re1 Nd3 26. Qxg5+ hxg5 27. Rxe6 Rfe8 28. Bd5 Kh8 29. Ra7 Rxe6 30. Bxe6 Rxc6 31. Bxf5 b4 32. cxb4 Nxb4 33. Rh7+ Kg8 34. Rxh3 c3 35. Rh5 Rc5 36. Rxg5+ Kf8 37. h4 c2 38. Bxc2 Rxg5 39. hxg5 Nxc2 40. Kg2 Kg7 41. f4 Nd4 42. Kf2 Kg6 43. g4 Kg7 44. Ke3 Ne6 45. Ke4 Nd8 46. Kf5 Nf7 47. Ke6 Nd8+ 48. Ke7 Nf7 49. Ke6 Nd8+ 50. Ke5 Nf7+ 51. Kf5 Nd6+ 52. Ke5 Nf7+ 53. Ke4 Nd6+ 54. Kd5 Nf7 55. Ke6 1/2-1/2


[Site "https://www.chess.com"]

[Event "Titled Tuesday Blitz May 9 Late 2023"]
[White "Przybylski, Wojciech"]
[Black "Fuzesabonyilaci"]
[WhiteFideId "1117599"]
[WhiteElo "2222"]
[BlackElo "2312"]
[Result "1-0"]
[Round "04"]
[TimeControl "180+2"]
[Date "2023.05.09"]
[WhiteClock "0:00:05"]
[BlackClock "0:00:00"]

1. d4 d5 2. Nf3 Nf6 3. c4 dxc4 4. g3 b5 5. Bg2 Bb7 6. O-O e6 7. a4 a6 8. b3 cxb3 9. axb5 axb5 10. Rxa8 Bxa8 11. Qxb3 Qd5 12. Qc2 Qc4 13. Qb2 Qb4 14. Qc2 Bd6 15. Ba3 Qa4 16. Qxa4 bxa4 17. Bxd6 cxd6 18. Nc3 Nbd7 19. Nxa4 Bc6 20. Nb2 Ke7 21. Rc1 Bd5 22. Nd3 Rb8 23. h3 Be4 24. Nfe1 g5 25. f3 Bb7 26. e4 Rc8 27. Rb1 Ba6 28. Nb4 Bc4 29. Rc1 d5 30. e5 Ne8 31. Bf1 Ba6 32. Nc6+ Kf8 33. Bxa6 Ra8 34. Bf1 Ra3 35. Nb4 Nb6 36. Rc6 Na4 37. Rc8 Ra1 38. Kf2 Nb6 39. Rb8 Nd7 40. Rb7 Ke7 41. Nc6+ Kf8 42. Rxd7 Rc1 43. Nd8 Rd1 44. Rxf7+ Kg8 45. Re7 Ng7 46. Nxe6 Nf5 47. Rd7 Rd2+ 48. Be2 g4 49. hxg4 1-0


[Site "https://www.chess.com"]

[Event "Titled Tuesday Blitz May 9 Late 2023"]
[White "Mikhalsky, Vladimir"]
[Black "Ward, Ieuan C"]
[WhiteFideId "14144352"]
[BlackFideId "406627"]
[WhiteElo "2236"]
[BlackElo "2306"]
[Result "1/2-1/2"]
[Round "04"]
[TimeControl "180+2"]
[Date "2023.05.09"]
[WhiteClock "0:00:31"]
[BlackClock "0:00:50"]

1. d4 Nf6 2. c4 e6 3. g3 d5 4. Bg2 Be7 5. Nf3 O-O 6. O-O dxc4 7. Ne5 Nc6 8. Nxc6 bxc6 9. a4 Rb8 10. Na3 c5 11. dxc5 Bxc5 12. Nxc4 Ba6 13. Qc2 Qd4 14. Be3 Qxc4 15. Qxc4 Bxc4 16. Bxc5 Rfd8 17. Bxa7 Rxb2 18. Rfc1 Bd5 19. Bd4 Rxe2 20. Bxf6 gxf6 21. Bf1 Ra2 22. Rxa2 Bxa2 23. a5 Ra8 24. a6 Ra7 25. Rc2 Bd5 26. Rb2 c5 27. Rb8+ Kg7 28. Rc8 c4 29. Bxc4 Bxc4 30. Rxc4 Rxa6 31. Rg4+ Kh6 32. Kg2 Ra5 33. Rg8 Rg5 34. Rf8 Kg7 35. Re8 Rd5 36. h4 h5 37. Kf3 Rd4 38. Rc8 Rd5 39. Rb8 Rf5+ 40. Kg2 Rd5 41. Rc8 e5 42. Rb8 Rd2 43. Kf3 f5 44. Rb6 e4+ 45. Ke3 Rd3+ 46. Ke2 Ra3 47. Rc6 f6 48. Rc8 Kg6 49. Rg8+ Kf7 50. Rh8 Kg6 51. Rg8+ Kh7 52. Rf8 Kg7 53. Rc8 Ra2+ 54. Ke3 Ra3+ 55. Ke2 1/2-1/2


[Site "https://www.chess.com"]

[Event "Titled Tuesday Blitz May 9 Late 2023"]
[White "Georg, Heinz"]
[Black "Martin Barcelo, Carles"]
[WhiteFideId "4607295"]
[BlackFideId "24561444"]
[WhiteElo "2299"]
[BlackElo "2089"]
[Result "1-0"]
[Round "04"]
[TimeControl "180+2"]
[Date "2023.05.09"]
[WhiteClock "0:00:26"]
[BlackClock "0:00:07"]

1. c4 b6 2. Nc3 Bb7 3. e4 e5 4. g3 g6 5. Bg2 Bg7 6. Nge2 Nc6 7. O-O Nge7 8. d3 O-O 9. f4 Nd4 10. Nxd4 exd4 11. Ne2 d6 12. f5 Nc6 13. g4 Be5 14. g5 Kh8 15. f6 Bc8 16. Bf4 Bg4 17. Qe1 Bxe2 18. Qxe2 Bxf4 19. Rxf4 Ne5 20. Rd1 Re8 21. Qf2 Nd7 22. Qh4 h5 23. Bf3 Kh7 24. Bxh5 Rh8 25. Bxg6+ Kg8 26. Bxf7+ Kxf7 27. g6+ Kg8 28. Qg4 Ne5 29. Qe6+ Kf8 30. g7# 1-0


[Site "https://www.chess.com"]

[Event "Titled Tuesday Blitz May 9 Late 2023"]
[White "Vega Gutierrez, Sabrina"]
[Black "lluiss"]
[WhiteFideId "2219026"]
[WhiteElo "2209"]
[BlackElo "2291"]
[Result "1/2-1/2"]
[Round "04"]
[TimeControl "180+2"]
[Date "2023.05.09"]
[WhiteClock "0:00:04"]
[BlackClock "0:00:12"]

1. e4 c5 2. Nf3 d6 3. d4 cxd4 4. Qxd4 Nc6 5. Bb5 Bd7 6. Bxc6 Bxc6 7. Nc3 Nf6 8. Bg5 e6 9. O-O-O Be7 10. Qd3 O-O 11. Nd4 Qa5 12. f4 Rfc8 13. Kb1 Rab8 14. Rhe1 h6 15. h4 Qd8 16. Bxf6 Bxf6 17. Ndb5 Bxc3 18. Nxc3 Qxh4 19. g3 Qe7 20. Qxd6 Qxd6 21. Rxd6 Rd8 22. Red1 Rxd6 23. Rxd6 Kf8 24. b4 Ke7 25. e5 Rd8 26. Rxd8 Kxd8 27. Ne2 Kc7 28. Nd4 Bd5 29. a4 a6 30. Kc1 g5 31. a5 gxf4 32. gxf4 h5 33. Kd2 h4 34. Ne2 h3 35. Ng3 h2 36. c4 h1=Q 37. Nxh1 Bxh1 38. Ke3 Bc6 39. Kd4 Ba4 40. Kc5 Bb3 41. b5 axb5 42. cxb5 Bc2 43. Kc4 Bd1 44. Kc5 Be2 45. Kb4 Bf3 46. Kc5 Bd5 47. Kb4 Kb8 48. Kc5 Kc7 49. Kb4 Be4 50. Kc5 Bd3 51. Kb4 Bf1 52. Kc5 Kb8 53. Kb6 Be2 54. Kc5 Kc7 55. Kb4 Kb8 56. Kc5 Ka7 57. Kb4 Ka8 58. Kc5 Bf1 59. Kb4 Kb8 60. Kc5 Kc8 61. Kb6 Be2 62. Kc5 Kc7 1/2-1/2


[Site "https://www.chess.com"]

[Event "Titled Tuesday Blitz May 9 Late 2023"]
[White "Nastase, Robert-Paul"]
[Black "KorolDimitriy75"]
[WhiteFideId "1221175"]
[WhiteElo "2175"]
[BlackElo "2452"]
[Result "0-1"]
[Round "04"]
[TimeControl "180+2"]
[Date "2023.05.09"]
[WhiteClock "0:00:00"]
[BlackClock "0:00:01"]

1. e4 c5 2. Nc3 g6 3. d4 cxd4 4. Qxd4 Nf6 5. Bb5 a6 6. e5 axb5 7. exf6 Nc6 8. Qe4 e6 9. Nxb5 Qa5+ 10. Nc3 d5 11. Qd3 d4 12. Bd2 dxc3 13. Bxc3 Bb4 14. Ne2 Bxc3+ 15. Nxc3 Qe5+ 16. Ne4 O-O 17. O-O Rd8 18. Qe3 Qh5 19. a3 e5 20. f3 Bf5 21. Ng3 Qh4 22. Nxf5 gxf5 23. f4 e4 24. Qc3 Rd6 25. Rad1 Qxf6 26. Rxd6 Qxd6 27. Qh3 Qg6 28. Rd1 Rd8 29. Rxd8+ Nxd8 30. Qc3 Nc6 31. Qc5 Qf6 32. c3 Qd8 33. Qxf5 Qd1+ 34. Kf2 Qd2+ 35. Kg3 Qd3+ 36. Kg4 Qe2+ 37. Kh3 e3 38. Qg5+ Kf8 39. Qc5+ Ke8 40. Qb6 Qh5+ 41. Kg3 e2 42. Qe3+ Kd7 43. Kf2 Qg4 44. Qxe2 Qxf4+ 45. Kg1 Qc1+ 46. Kf2 Qf4+ 47. Kg1 Ne5 48. Qd1+ Ke6 49. h3 Qe3+ 50. Kh2 Nd3 51. Qg4+ f5 52. Qc4+ Kf6 53. Qb5 Qf4+ 54. Kg1 Qf2+ 55. Kh2 Nf4 56. Qxb7 Ne2 57. Qc6+ Ke5 58. Qc7+ Ke4 0-1


[Site "https://www.chess.com"]

[Event "Titled Tuesday Blitz May 9 Late 2023"]
[White "Vaglio Munoz, Jaime"]
[Black "Storey, Charles H"]
[WhiteFideId "6500145"]
[BlackFideId "406686"]
[WhiteElo "2199"]
[BlackElo "2196"]
[Result "1-0"]
[Round "04"]
[TimeControl "180+2"]
[Date "2023.05.09"]
[WhiteClock "0:01:05"]
[BlackClock "0:00:00"]

1. Nf3 g6 2. g3 Bg7 3. Bg2 c5 4. c3 Nc6 5. a3 Nf6 6. b4 c4 7. a4 O-O 8. b5 Na5 9. Ba3 d5 10. Bb4 Nb3 11. Ra2 b6 12. d4 Bb7 13. O-O a5 14. Ba3 Ne4 15. Rc2 Bc8 16. Nfd2 Nexd2 17. Nxd2 Bf5 18. e4 dxe4 19. Nxe4 Qc7 20. Re2 Bxe4 21. Rxe4 Rae8 22. Rfe1 Bf6 23. Qe2 Kg7 24. f4 Rh8 25. h4 h5 26. Bxe7 Rxe7 27. Rxe7 Bxe7 28. Qxe7 Qxe7 29. Rxe7 Rb8 30. Bd5 Nd2 31. Rxf7+ Kh6 32. Rf6 Nb1 33. Bxc4 Nxc3 34. Bd3 Kg7 35. Rxg6+ Kf7 36. Rh6 Nxa4 37. Bc4+ Kg7 38. Rxh5 Nb2 39. Rg5+ Kf6 40. Ba2 a4 41. h5 Rh8 42. Rg6+ Kf5 43. Rxb6 Rxh5 44. Ra6 Ke4 45. b6 Kf3 46. Bd5+ Kxg3 47. b7 Rxd5 48. b8=Q Rxd4 49. Rg6+ Kf3 50. Qh8 Rd1+ 51. Kh2 Rd2+ 52. Kh3 Nd3 53. Rg3+ Ke2 54. Qh5+ 1-0


[Site "https://www.chess.com"]

[Event "Titled Tuesday Blitz May 9 Late 2023"]
[White "Romero Ruscalleda, Josep"]
[Black "Foerster-Yialamas, Lucas"]
[WhiteFideId "2231859"]
[BlackFideId "30901774"]
[WhiteElo "2183"]
[BlackElo "2067"]
[Result "0-1"]
[Round "04"]
[TimeControl "180+2"]
[Date "2023.05.09"]
[WhiteClock "0:00:57"]
[BlackClock "0:02:06"]

1. e4 c6 2. Nc3 d5 3. Nf3 d4 4. Ne2 c5 5. c3 Nc6 6. cxd4 cxd4 7. d3 e5 8. Qa4 Bd7 9. Bd2 Nb4 10. Qb3 Be6 11. Qa4+ Qd7 12. Qxd7+ Bxd7 13. Bxb4 Bxb4+ 14. Nd2 f5 15. a3 Bxd2+ 16. Kxd2 fxe4 17. dxe4 Nf6 18. f3 O-O 19. Nc1 Rac8 20. Nd3 Ba4 21. Rc1 Rxc1 22. Nxc1 Rc8 23. Bd3 Kf7 24. b3 Bd7 25. Bc4+ Be6 26. Bxe6+ Kxe6 27. Nd3 Nd7 28. Rc1 Rxc1 29. Kxc1 g5 30. h3 a5 31. Kc2 b5 32. b4 a4 33. Kd2 Nb6 34. Nb2 Nc4+ 35. Nxc4 bxc4 36. Kc2 Kd6 37. Kd2 Kc6 38. Kc2 Kb5 39. Kd2 c3+ 40. Kd3 h5 41. g3 h4 42. g4 Kc6 43. Kc2 Kb6 44. Kd3 Kb5 45. Ke2 Kc4 46. Kd1 d3 47. Kc1 c2 48. Kd2 Kd4 49. b5 Kc5 50. b6 Kxb6 51. Kxd3 c1=Q 0-1


[Site "https://www.chess.com"]

[Event "Titled Tuesday Blitz May 9 Late 2023"]
[White "marik_spb"]
[Black "Svicevic, Rastko"]
[BlackFideId "916315"]
[WhiteElo "2446"]
[BlackElo "2115"]
[Result "1-0"]
[Round "04"]
[TimeControl "180+2"]
[Date "2023.05.09"]
[WhiteClock "0:00:06"]
[BlackClock "0:00:00"]

1. d4 d5 2. c4 e6 3. Nf3 c6 4. g3 f5 5. Bg2 Nf6 6. Bf4 Be7 7. Nbd2 Nbd7 8. O-O O-O 9. Ne5 Ne4 10. Rc1 g5 11. Nxd7 Bxd7 12. Be5 Bf6 13. Nf3 Be8 14. Bxf6 Nxf6 15. Ne5 Nd7 16. Nd3 Bg6 17. f4 dxc4 18. Rxc4 Nb6 19. Qb3 gxf4 20. Rxf4 Nxc4 21. Qxc4 Qd6 22. Ne5 Rad8 23. e3 Rf6 24. g4 a5 25. h4 Qb4 26. Qe2 Be8 27. g5 Rf8 28. h5 Qe7 29. Qc4 Rd6 30. g6 hxg6 31. hxg6 Rf6 32. Kf2 Bxg6 33. Bf3 Qh7 34. Bg2 Qh2 35. Qc5 1-0


[Site "https://www.chess.com"]

[Event "Titled Tuesday Blitz May 9 Late 2023"]
[White "Vovk, Orest"]
[Black "Harish, Neeraj"]
[WhiteFideId "14113490"]
[BlackFideId "30958130"]
[WhiteElo "2215"]
[BlackElo "1879"]
[Result "1-0"]
[Round "04"]
[TimeControl "180+2"]
[Date "2023.05.09"]
[WhiteClock "0:02:04"]
[BlackClock "0:00:00"]

1. h4 d5 2. h5 e5 3. h6 Nxh6 4. d4 e4 5. Bxh6 gxh6 6. e3 Bg7 7. c4 c6 8. Nc3 Be6 9. Qb3 Qd7 10. Nh3 O-O 11. Nf4 Rd8 12. Rh5 f5 13. Nxe6 Qxe6 14. Ne2 Qf7 15. Nf4 Nd7 16. g4 Nf6 17. Rxf5 Qd7 18. cxd5 cxd5 19. Rxf6 Bxf6 20. Nxd5 Kg7 21. Nf4 Bg5 22. Nh5+ 1-0


[Site "https://www.chess.com"]

[Event "Titled Tuesday Blitz May 9 Late 2023"]
[White "Koutsin"]
[Black "Rodriguez Santiago, Jaime"]
[BlackFideId "3100898"]
[WhiteElo "2439"]
[BlackElo "2025"]
[Result "1-0"]
[Round "04"]
[TimeControl "180+2"]
[Date "2023.05.09"]
[WhiteClock "0:00:12"]
[BlackClock "0:00:00"]

1. d4 Nf6 2. c4 e6 3. Nf3 d5 4. Nc3 c5 5. cxd5 Nxd5 6. e4 Nxc3 7. bxc3 cxd4 8. cxd4 Bb4+ 9. Bd2 Bxd2+ 10. Qxd2 O-O 11. Bc4 Nd7 12. O-O b6 13. a4 Bb7 14. Bd3 e5 15. d5 Qf6 16. Qe3 Nc5 17. Rfb1 Rfc8 18. Nd2 Ba6 19. Bxa6 Nxa6 20. a5 Nc5 21. axb6 axb6 22. Rxa8 Rxa8 23. Nc4 Na4 24. h3 h6 25. Kh2 Rb8 26. Rb4 b5 27. Na5 Qd6 28. Nc6 Rb7 29. Qb3 Nc5 30. Qa2 Qf6 31. Qd2 Qh4 32. Qe3 Nd7 33. g3 Qf6 34. Kg2 Qd6 35. Qb3 Nc5 36. Qb1 Qg6 37. Nxe5 Qd6 38. Nc6 h5 39. Rxb5 Rxb5 40. Qxb5 Nxe4 41. Qb8+ Kh7 42. Qxd6 Nxd6 43. Kf3 Kg6 44. Kf4 Kf6 45. Ke3 g5 46. Kd4 Kg6 47. Ke5 Nc4+ 48. Ke4 Nd6+ 49. Kd4 Kf6 50. g4 hxg4 51. hxg4 Kg6 52. f3 Kf6 53. Kc5 Nb7+ 54. Kc4 Nd6+ 55. Kd4 Kg6 56. Kc5 Nb7+ 57. Kb6 Nd6 58. Kc7 Ne8+ 59. Kd8 Nd6 60. Kd7 Nc4 61. d6 Kf6 62. Kc7 Ke6 63. d7 f5 64. d8=Q fxg4 65. Qxg5 1-0


[Site "https://www.chess.com"]

[Event "Titled Tuesday Blitz May 9 Late 2023"]
[White "Leschinsky, Gary"]
[Black "Sliwicki, Damian"]
[WhiteFideId "30951321"]
[BlackFideId "1127128"]
[WhiteElo "1855"]
[BlackElo "2030"]
[Result "0-1"]
[Round "04"]
[TimeControl "180+2"]
[Date "2023.05.09"]
[WhiteClock "0:00:45"]
[BlackClock "0:00:08"]

1. c4 c5 2. Nf3 g6 3. d4 cxd4 4. Nxd4 Nc6 5. Nc3 Nf6 6. g3 Bg7 7. Bg2 O-O 8. Nc2 d6 9. O-O Be6 10. Ne3 Rc8 11. b3 Ng4 12. Qd3 Nb4 13. Qd2 Nxe3 14. Qxe3 Nc2 15. Qd2 Nxa1 16. Bb2 Nxb3 17. axb3 b6 18. Ra1 Qd7 19. h4 Rfd8 20. Nb5 Bxb2 21. Rxa7 Bc1 22. Qd4 Qe8 23. Qxb6 d5 24. Nd4 Rd6 25. Qb4 dxc4 26. Nxe6 Rxe6 27. bxc4 Rxe2 28. Bd5 e6 29. Bf3 Rb2 30. Qc3 Qb5 31. Qf6 Qe8 32. Qc3 Rb1 33. Kg2 Bb2 34. Qc2 Bd4 35. Rxf7 Qxf7 36. Qxb1 Rf8 37. Qe4 Qxf3+ 38. Qxf3 Rxf3 39. Kxf3 Kf7 40. Ke2 Kf6 41. f3 Bc5 42. Kd3 Kf5 43. Kc3 e5 44. Kd3 h6 45. Kc3 e4 46. fxe4+ Kxe4 47. Kb3 Kf3 48. Ka4 Kxg3 49. h5 gxh5 0-1


[Site "https://www.chess.com"]

[Event "Titled Tuesday Blitz May 9 Late 2023"]
[White "Smith, Garrett L"]
[Black "Jimenez Almeida, Luis David"]
[WhiteFideId "2024829"]
[BlackFideId "22242244"]
[WhiteElo "2239"]
[BlackElo "2245"]
[Result "0-1"]
[Round "04"]
[TimeControl "180+2"]
[Date "2023.05.09"]
[WhiteClock "0:00:20"]
[BlackClock "0:00:25"]

1. e4 c6 2. d4 Na6 3. Nc3 Nc7 4. d5 d6 5. Nf3 Nf6 6. Bg5 g6 7. Qd2 Bg7 8. O-O-O O-O 9. h4 Bg4 10. Be2 cxd5 11. exd5 b5 12. Nd4 Bxe2 13. Qxe2 Nfxd5 14. Nxd5 Nxd5 15. Nc6 Qd7 16. Qxb5 Bxb2+ 17. Kd2 Bc3+ 18. Kd3 Qf5+ 19. Kc4 Nb6+ 20. Qxb6 Qe4+ 21. Kxc3 axb6 22. Nxe7+ Kg7 23. Rde1 Ra3+ 24. Kb2 Qb4+ 25. Kc1 Rxa2 26. Bf6+ Kh6 27. Bg5+ Kh5 28. Nd5 Ra1# 0-1


[Site "https://www.chess.com"]

[Event "Titled Tuesday Blitz May 9 Late 2023"]
[White "sebastianmarinp"]
[Black "Chemin, Justo Reinaldo"]
[BlackFideId "2101580"]
[WhiteElo "2434"]
[BlackElo "1940"]
[Result "1-0"]
[Round "04"]
[TimeControl "180+2"]
[Date "2023.05.09"]
[WhiteClock "0:00:19"]
[BlackClock "0:00:00"]

1. e4 e5 2. Nf3 Nc6 3. Bb5 g6 4. c3 d6 5. d4 Bd7 6. Bg5 f6 7. Bh4 Bg7 8. O-O Nge7 9. Bc4 g5 10. Nxg5 fxg5 11. Bxg5 h5 12. Qf3 Bf5 13. exf5 d5 14. f6 Bxf6 15. Bxf6 e4 16. Qh3 Rf8 17. Qxh5+ Kd7 18. Qh3+ Ke8 19. Qh5+ Kd7 20. Bxe7 Nxe7 21. Bxd5 Rf5 22. Qg4 1-0


[Site "https://www.chess.com"]

[Event "Titled Tuesday Blitz May 9 Late 2023"]
[White "Golubev, Mikhail"]
[Black "Abdi, Farzad"]
[WhiteFideId "14100983"]
[BlackFideId "2076829"]
[WhiteElo "2374"]
[BlackElo "2251"]
[Result "0-1"]
[Round "04"]
[TimeControl "180+2"]
[Date "2023.05.09"]
[WhiteClock "0:00:24"]
[BlackClock "0:01:27"]

1. e4 c5 2. Nf3 d6 3. d4 cxd4 4. Nxd4 Nf6 5. Nc3 g6 6. Be3 Bg7 7. f3 O-O 8. Qd2 Nc6 9. g4 Nxd4 10. Bxd4 Be6 11. h4 Qa5 12. h5 Rfc8 13. a3 a6 14. O-O-O b5 15. hxg6 fxg6 16. Bxf6 Bxf6 17. Ne2 Qa4 18. Rh2 b4 19. Qxb4 Qxc2# 0-1


[Site "https://www.chess.com"]

[Event "Titled Tuesday Blitz May 9 Late 2023"]
[White "Barria Santos, Jose Guilherme"]
[Black "Rios Escobar, Adan"]
[WhiteFideId "1939300"]
[BlackFideId "3403645"]
[WhiteElo "2266"]
[BlackElo "2433"]
[Result "0-1"]
[Round "04"]
[TimeControl "180+2"]
[Date "2023.05.09"]
[WhiteClock "0:00:49"]
[BlackClock "0:01:52"]

1. e4 c5 2. Nf3 d6 3. d4 cxd4 4. Nxd4 Nf6 5. Nc3 a6 6. Bg5 Nbd7 7. f4 g6 8. Qe2 Bg7 9. O-O-O O-O 10. e5 dxe5 11. fxe5 Qa5 12. Bf4 Nd5 13. Nxd5 Qxd5 14. Nb3 Qe6 15. Re1 a5 16. Nd4 Qxa2 17. Qc4 Qa1+ 18. Kd2 Qxb2 19. Bd3 Nb6 20. Qc3 Qxc3+ 21. Kxc3 Nd5+ 0-1


[Site "https://www.chess.com"]

[Event "Titled Tuesday Blitz May 9 Late 2023"]
[White "Gutkin, Ilya"]
[Black "rikchessmx"]
[WhiteFideId "16203470"]
[WhiteElo "2265"]
[BlackElo "2188"]
[Result "0-1"]
[Round "04"]
[TimeControl "180+2"]
[Date "2023.05.09"]
[WhiteClock "0:01:52"]
[BlackClock "0:02:11"]

1. e4 e5 2. Nf3 Nc6 3. Bb5 Bc5 4. O-O Qf6 5. c3 Nge7 6. d4 exd4 7. e5 Nxe5 8. Nxe5 Qxe5 9. Re1 Qf6 10. cxd4 Bxd4 11. Nc3 Bxf2+ 12. Kh1 Bxe1 13. Qxe1 O-O 14. Ne4 Qe5 15. Bd3 d5 16. Nf6+ Qxf6 17. Qg3 Nf5 18. Qh3 Nh6 19. Qh5 Bg4 20. Qxd5 Rad8 21. Qc4 Qd4 22. Qb3 Qxd3 0-1


[Site "https://www.chess.com"]